 Dungeon Crawl Stone Soup version 0.29-a0-409-gd843f3a48c (webtiles) character file.

Game seed: 2879370134559667898

7 Heh the Sneak (level 2, -2/20 HPs)
             Began as an Octopode Brigand on May 15, 2022.
             Slain by a kobold
             ... wielding a +0 club
              (4 damage)
             ... on level 1 of the Dungeon.
             The game lasted 00:00:16 (85 turns).

Heh the Sneak (Octopode Brigand)                      Turns: 85, Time: 00:00:16

Health: -2/20      AC:  1    Str: 10    XL:     2   Next: 0%
Magic:  2/2        EV: 13    Int: 13    God:
Gold:   29         SH:  0    Dex: 13    Spells: 1/1 levels left

rFire   . . .      SeeInvis .   a - +2 dagger
rCold   . . .      Faith    .   (no shield)
rNeg    . . .      Spirit   .   (helmet restricted)
rPois   .          Reflect  .   (no amulet)
rElec   .          Harm     .   (no ring)
rCorr   .          Rampage  .   (no ring)
Will    .....                   (no ring)
Stlth   ++++......              (no ring)
HPRegen 0.06/turn               (no ring)
MPRegen 0.08/turn               (no ring)
                                (no ring)
                                (no ring)

@: no status effects
A: almost no armour, amphibious, 8 rings, camouflage 1, gelatinous body 1,
(nimble swimmer 1), tentacles
a: no special abilities


You were on level 1 of the Dungeon.
You visited 1 branch of the dungeon, and saw 1 of its levels.

You collected 29 gold pieces.

Inventory:

Hand Weapons
 a - a +2 dagger (weapon)
Missiles
 b - 9 poisoned darts (quivered)
 c - 3 curare-tipped darts
Scrolls
 d - a scroll of fog {unknown}
Potions
 e - a potion of haste {unknown}


   Skills:
 * Level 2.4 Fighting
 - Level 2.0 Short Blades
 - Level 2.0 Throwing
 + Level 1.3 Dodging
 - Level 5.3 Stealth


You had one spell level left.
You didn't know any spells.
Your spell library was empty.

Dungeon Overview and Level Annotations

Branches:
Dungeon (1/15)

Altars:


Innate Abilities, Weirdness & Mutations

You cannot wear most types of armour.
You are amphibious.
You can wear up to eight rings at the same time.
Your skin changes colour to match your surroundings (Stealth+).
Your rubbery body absorbs attacks. (AC +1, EV +1)
((You are camouflaged when in or above water. (Stealth+)))
You have tentacles for arms and can constrict up to eight enemies at once.


Message History

Things that are here:
a +0 dagger; a goblin corpse You hit the rat.
Your grab misses the rat.
The rat is moderately wounded.
The kobold hits you with a +1 short sword of holy wrath.
The rat bites you but does no damage.
You hit the rat.
You kill the rat!
The kobold hits you with a +1 short sword of holy wrath.
* * * LOW HITPOINT WARNING * * *
You are too injured to fight recklessly!
You are too injured to fight recklessly!
You closely miss the kobold. Your grab misses the kobold.
The kobold misses you.
A rat comes into view.
Press: ? - help, v - describe, . - travel
Here: a kobold, wielding a +1 short sword of holy wrath The floor.
Unknown command.
Unknown command.
You hit the kobold.
You kill the kobold!
Found 18 stones.
You see here a rat corpse.
You barely miss the kobold. Your grab misses the kobold.
The rat closely misses you. The kobold hits you with a +0 club.
* * * LOW HITPOINT WARNING * * *
You hit the rat.
You kill the rat!
The kobold hits you with a +0 club.
* * * LOW HITPOINT WARNING * * *
You have reached level 2!
You hit the kobold. Your grab misses the kobold.
The kobold is severely wounded.
You barely miss the kobold. You grab the kobold.
Your squeeze misses the kobold.
The kobold is severely wounded.
You constrict the kobold, but do no damage.
The kobold hits you with a +0 club.
You die...

#.#
##...########
#.########
#........#
#........#
#..>.....#
#........#
#.###..###
#.# #).# #.#
#@)# #. #K†.#
#.#!# #.#...
#.#.#.(
....#### ...
.#.


You could see a kobold.

Vanquished Creatures
  A ball python (D:1)
  A bat (D:1)
  A goblin (D:1)
  A kobold (D:1)
  2 rats (D:1)
6 creatures vanquished.

Notes
Turn   | Place    | Note
-------+----------+-------------------------------------------
     0 | D:1      | Heh the Octopode Brigand began the quest for the Orb.
     0 | D:1      | Reached XP level 1. HP: 14/14 MP: 1/1
    84 | D:1      | Reached XP level 2. HP: 2/20 MP: 2/2
    85 | D:1      | Slain by a kobold

Illustrated notes

Levels and vault maps discovered:
D:1:      zelgadis_glass_arrival_small, layout_rooms

Action                   || total
-------------------------++-------
Melee: Dagger            ||    12
       Constrict         ||     2
       Tentacles         ||     1
 Stab: Sleeping          ||     1
Armor: Skin              ||     1
Dodge: Dodged            ||     5

Table legend: (Time is in decaauts)
 A = Elapsed time spent in this place.
 B = Non-inter-level travel time spent in this place.
 C = Inter-level travel time spent in this place.
 D = Time resting spent in this place.
 E = Time spent auto-exploring this place.
 F = Levels seen in this place.
 G = Mean time per level.
                   A        B        C        D        E       F      G
               +--------+--------+--------+--------+--------+-----+--------+
         Total |     83 |     80 |      3 |      0 |     52 |   1 |   83.0 |
       Dungeon |     83 |     80 |      3 |      0 |     52 |   1 |   83.0 |
               +--------+--------+--------+--------+--------+-----+--------+

Top non-repeatable levels by time:
     D:1: 83 daAuts
